 Dungeon Crawl Stone Soup version 0.29-a0-330-g52719c12eb (webtiles) character file.

Game seed: 7185120799966734335

56 Aelig the Firebug (level 3, -7/26 HPs)
             Began as a Demigod Fire Elementalist on May 8, 2022.
             Mangled by Sigmund
             ... wielding a +5 scythe of protection
              (13 damage)
             ... on level 2 of the Dungeon.
             The game lasted 00:06:01 (2040 turns).

Aelig the Firebug (Demigod Fire Elementalist)       Turns: 2040, Time: 00:06:01

Health: -7/26      AC:  3    Str:  9    XL:     3   Next: 48%
Magic:  1/9        EV: 12    Int: 21    God:
Gold:   114        SH:  0    Dex: 14    Spells: 0/6 levels left

rFire   . . .      SeeInvis .   l - staff of conjuration
rCold   . . .      Faith    .   (no shield)
rNeg    . . .      Spirit   .   h - +1 robe {Will+}
rPois   .          Reflect  .   (no helmet)
rElec   .          Harm     .   (no cloak)
rCorr   .          Rampage  .   (no gloves)
Will    +....                   (no boots)
Stlth   ++........              (no amulet)
HPRegen 0.08/turn               (no ring)
MPRegen 0.11/turn               (no ring)

@: no status effects
A: high MP 1, forlorn, divine attributes
a: no special abilities


You were on level 2 of the Dungeon.
You visited 1 branch of the dungeon, and saw 2 of its levels.

You collected 114 gold pieces.

Inventory:

Missiles
 d - 5 stones (quivered)
Armour
 h - a +1 robe of willpower (worn)
Magical Staves
 l - a staff of conjuration (weapon)
Scrolls
 e - a scroll of enchant weapon {unknown}
 f - a scroll of vulnerability {unknown}
 g - 5 scrolls of teleportation {unknown}
 i - a scroll of noise {unknown}
 k - a scroll of amnesia {unknown}
 m - a scroll of brand weapon {unknown}
Potions
 a - a potion of berserk rage {unknown}
 b - a potion of magic
 c - 2 potions of mutation {unknown}
 j - a potion of curing {unknown}


   Skills:
 - Level 1.7 Dodging
 - Level 1.7 Stealth
 + Level 2.4 Spellcasting
 + Level 2.0 Conjurations
 + Level 3.3 Fire Magic


You couldn't memorise any spells.
You knew the following spells:

 Your Spells              Type           Power      Damage    Failure   Level
a - Foxfire               Conj/Fire      80%        2x1d8     4%          1
b - Scorch                Fire           32%        2d7       5%          2
c - Conjure Flame         Conj/Fire      20%        6-21      14%         3

Your spell library contained the following spells:

 Spells                   Type           Power      Damage    Failure   Level
 Inner Flame              Hex/Fire       9%         N/A       22%         3
 Flame Wave               Conj/Fire      20%        2d7       43%         4


Dungeon Overview and Level Annotations

Branches:
Dungeon (2/15)

Annotations:
D:2 Sigmund


Innate Abilities, Weirdness & Mutations

You have an increased reservoir of magic. (+10% MP)
You shall have no god before yourself.
Your divine heritage dramatically boosts your attributes as you level up.


Message History

You feel a surge of power!
You conjure some foxfire!
Sigmund is no longer more vulnerable to fire.
Sigmund laughs darkly.
Sigmund closely misses you.
The foxfire hits Sigmund.
Sigmund completely resists.
Sigmund is moderately wounded.
The foxfire hits Sigmund but does no damage.
Sigmund is moderately wounded.
Casting: Foxfire (safe; 4% risk of failure)
Confirm with . or Enter, or press ? or * to list all spells.
You feel a surge of power!
You conjure some foxfire!
The foxfire hits Sigmund.
Sigmund resists.
Sigmund is heavily wounded.
The foxfire hits Sigmund but does no damage.
Sigmund is heavily wounded.
Casting: Foxfire (safe; 4% risk of failure)
Confirm with . or Enter, or press ? or * to list all spells.
You feel a surge of power!
You conjure some foxfire!
Sigmund barely misses you.
The foxfire hits Sigmund.
Sigmund resists.
Sigmund is severely wounded.
The foxfire hits Sigmund but does no damage.
Sigmund is severely wounded.
Sigmund mumbles some strange words.
Sigmund flickers and vanishes!
Deactivating autopickup; reactivate with Ctrl-A.
Casting: Foxfire (safe; 4% risk of failure)
Confirm with . or Enter, or press ? or * to list all spells.
You feel a surge of power!
You conjure some foxfire!
The foxfire hits something but does no damage.
The foxfire hits something.
Casting: Foxfire (safe; 4% risk of failure)
Confirm with . or Enter, or press ? or * to list all spells.
You feel a surge of power!
You conjure some foxfire!
A magic dart appears from out of thin air!
The magic dart hits you.
* * * LOW HITPOINT WARNING * * *
The foxfire hits something but does no damage. x2
Something hits you!
Ouch! That really hurt!
You die...

#.# #.# #.# #@# #§#
##################### #.#
#...................#
###.###.###§@############.###
#####.........#..####...........#
..............{.§§......>########
####.####......#.####.##.# #.#
#......+.# #.##.# #.# #......###
#.##.# #.# #......######.##.# #.#
#......#...)..##.####### #.#
#......#.#######.......#


There were no monsters in sight!

Vanquished Creatures
  An adder (D:2)
  A worm (D:2)
  A dart slug (D:2)
  3 ball pythons
  5 endoplasms
  2 giant cockroaches (D:1)
  A goblin (D:1)
  A hobgoblin (D:1)
  7 kobolds (D:1)
  5 quokkas
  5 bats
  5 frilled lizards
  4 rats
41 creatures vanquished.

Vanquished Creatures (others)
  111 foxfires
111 creatures vanquished.

Grand Total: 152 creatures vanquished

Notes
Turn   | Place    | Note
-------+----------+-------------------------------------------
     0 | D:1      | Aelig the Demigod Fire Elementalist began the quest for the
                  | Orb.
     0 | D:1      | Reached XP level 1. HP: 14/14 MP: 5/5
    52 | D:1      | Reached skill level 1 in Conjurations
   198 | D:1      | Reached XP level 2. HP: 20/20 MP: 1/7
   201 | D:1      | Learned a level 2 spell: Scorch
   298 | D:1      | Reached skill level 3 in Fire Magic
   625 | D:1      | Noticed a floating eye
   630 | D:1      | Noticed a golden eye
   635 | D:1      | Noticed an eye of devastation
   635 | D:1      | Noticed an eye of devastation
  1357 | D:2      | Reached XP level 3. HP: 26/26 MP: 3/9
  1370 | D:2      | Learned a level 3 spell: Conjure Flame
  1822 | D:2      | Noticed Sigmund
  2040 | D:2      | Mangled by Sigmund

Illustrated notes

Levels and vault maps discovered:
D:1:      minmay_arrival_jagged, layout_basic,
          hellmonk_ecumenical_altar_watching_god, minmay_hexomino_c4
D:2:      layout_basic, uniq_crazy_yiuf_cottage, uniq_robin, uniq_sigmund

Skill      XL: |  1  2  3 |
---------------+----------+-----
Conjurations   | 1 2 |  2.0
Spellcasting   | 2 |  2.4
Fire Magic     | 3 |  3.3
Dodging        | |  1.7
Stealth        | |  1.7

Action                   || total
-------------------------++-------
Melee: Dagger            ||     2
       Staff             ||     8
Throw: Stone             ||     1
 Cast: Foxfire           ||    66
       Scorch            ||     3
       Conjure Flame     ||     2
Armor: Robe              ||     5
Dodge: Dodged            ||    18

Table legend: (Time is in decaauts)
 A = Elapsed time spent in this place.
 B = Non-inter-level travel time spent in this place.
 C = Inter-level travel time spent in this place.
 D = Time resting spent in this place.
 E = Time spent auto-exploring this place.
 F = Levels seen in this place.
 G = Mean time per level.
                   A        B        C        D        E       F      G
               +--------+--------+--------+--------+--------+-----+--------+
         Total |   2039 |   2010 |     29 |    442 |    993 |   2 | 1019.5 |
       Dungeon |   2039 |   2010 |     29 |    442 |    993 |   2 | 1019.5 |
               +--------+--------+--------+--------+--------+-----+--------+

Top non-repeatable levels by time:
     D:1: 1292 daAuts
     D:2: 746 daAuts
